 Dungeon Crawl Stone Soup version 0.27-a0-1196-g3e9cee4cb2 (webtiles) character file.

Game seed: 18206973927709701237

1138 PentaManta the Sneak (level 8, 0/78 HPs)
             Began as a Vampire Enchanter on May 28, 2021.
             Succumbed to a scorpion's poison
             ... on level 5 of the Dungeon.
             The game lasted 00:17:02 (4893 turns).

PentaManta the Sneak (Vampire Enchanter)            Turns: 4893, Time: 00:17:02

Health: 0/78       AC: 24    Str:  7    XL:     8   Next: 14%
Magic:  15/15      EV:  2    Int: 18    God:
Gold:   115        SH:  0    Dex: 16    Spells: 8/16 levels left

rFire    . . .     SeeInvis +   C - +2 dagger (venom)
rCold    + . .     Faith    .   (no shield)
rNeg     + + +     Spirit   .   (armour currently unavailable)
rPois    +         Reflect  .   (helmet currently unavailable)
rElec    .         Harm     .   (cloak currently unavailable)
rCorr    .         Rampage  .   (gloves currently unavailable)
Will     .....     NoTele   +   (boots currently unavailable)
Stlth    ++++......             (no amulet)
HPRegen  0.43/turn              f - +4 ring of evasion
MPRegen  0.14/turn              k - ring of protection from cold

@: lethally poisoned (0 -> -1), tree-form, attractive, healing quickly, hasted,
very quick
A: stationary, stasis, torment immunity, boosted hp, alive, (fangs 3), see
invisible, vampiric 2
a: Exsanguinate


You were on level 5 of the Dungeon.
You were a tree.
You visited 1 branch of the dungeon, and saw 5 of its levels.

You collected 115 gold pieces.

Inventory:

Hand Weapons
 l - a +0 dagger of draining
 r - a +0 hunting sling
 z - a +1 vampiric dagger
 A - a +2 dagger of speed
 C - a +2 dagger of venom (weapon)
 H - a +0 rapier
Missiles
 n - 17 poisoned darts (quivered)
 o - 5 javelins
 p - 179 stones
 x - 5 curare-tipped darts
Armour
 b - a +0 robe (melded)
 h - a +0 ring mail
 D - a +0 helmet (melded)
 F - a +0 leather armour
Jewellery
 f - a +4 ring of evasion (left branch)
 k - a ring of protection from cold (right branch)
 q - a ring of magical power
Wands
 a - a wand of mindburst (12)
 y - a wand of charming (8)
 E - a wand of acid (4)
Scrolls
 g - a scroll of enchant weapon
 i - 3 scrolls of teleportation
 B - 6 scrolls of identify
Potions
 c - a potion of might
 s - a potion of flight
 t - a potion of cancellation
 G - a potion of haste


   Skills:
 * Level 6.7 Short Blades
 - Level 2.1 Dodging
 - Level 7.5 Stealth
 + Level 4.8 Spellcasting
 - Level 7.1 Hexes


You had 8 spell levels left.
You knew the following spells:

 Your Spells              Type           Power      Damage    Failure   Level
b - Ensorcelled Hibernat  Hex/Ice        34%        N/A       4%          2
c - Tukima's Dance        Hex            30%        N/A       2%          3
d - Confusing Touch       Hex            30%        N/A       2%          3

Your spell library contained the following spells:

 Spells                   Type           Power      Damage    Failure   Level
 Corona                   Hex            33%        N/A       1%          1
 Dazzling Flash           Conj/Hex       34%        N/A       10%         3
 Shock                    Conj/Air       16%        1d4       14%         1
 Static Discharge         Conj/Air       4%         N/A       21%         2
 Swiftness                Air            4%         N/A       38%         3
 Airstrike                Air            2%         N/A       80%         4
 Lightning Bolt           Conj/Air       2%         1d13      98%         5


Dungeon Overview and Level Annotations

Branches:
Dungeon (5/15)
 Temple: D:4-7

Altars:

Shops:
D:5 !*

Annotations:
D:5 1 runed translucent door


Innate Abilities, Weirdness & Mutations

You are a tree.
Your roots penetrate the ground, keeping you stationary.
You cannot be teleported.
You are immune to unholy pain and torment.
Your maximum health is greatly increased.
Your equipment is partially melded.
Your natural rate of healing is accelerated.
((You have razor-sharp teeth.))
You have supernaturally acute eyesight. (SInv)
You are afflicted with vampirism and can become a bat while bloodless.


Message History

You feel very buoyant.
You fly up into the air.
* * * LOW HITPOINT WARNING * * *
You feel sick.
It was a potion of cancellation.
Your magical effects are unravelling.
You feel magically purged.
You float gracefully downwards.
* * * LOW HITPOINT WARNING * * *
You feel very sick.
It was a potion of lignification.
You turn into a tree.
Your +0 helmet melds into your body.
Your +0 robe melds into your body.
Your roots penetrate the ground.
* * * LOW HITPOINT WARNING * * *
You feel sick.
It was a potion of haste.
You feel yourself speed up.
* * * LOW HITPOINT WARNING * * *
You feel sick.
It was a potion of attraction.
You feel attractive to monsters.
* * * LOW HITPOINT WARNING * * *
You feel sick.
As you read the scroll labelled EJOWKIAJEC, it crumbles to dust.
You hear a loud clanging noise!
It was a scroll of noise.
As you read the scroll labelled UROUME UNUWKUARIDA, it crumbles to dust.
It is a scroll of amnesia.
Forget Corona, freeing 1 spell level for a total of 8?
Your memory of Corona unravels.
* * * LOW HITPOINT WARNING * * *
You feel sick.
As you read the scroll labelled NUOQOY AHIALO, it crumbles to dust.
Wisps of shadow whirl around you...
It was a scroll of summoning.
* * * LOW HITPOINT WARNING * * *
You feel sick.
As you read the scroll labelled DOEKAM GUCE, it crumbles to dust.
It is a scroll of identify.
You don't have any unidentified items.
There is a lethal amount of poison in your body!
There is a lethal amount of poison in your body!
You die...

. ### ..#
##O.#..?.
#..J.....
#♣W......
##.#.....
## ... #
#### #...
#... ##..
##.


You could see a friendly phantom (summoned), a friendly ogre (summoned) and a
friendly jelly (summoned).

Vanquished Creatures
  An ice beast (D:5)
  A centaur (D:5)
  7 scorpions
  A killer bee (D:5)
  A gnoll shaman (D:4)
  2 hounds (D:5)
  A centaur skeleton (D:4)
  An iguana (D:4)
  Ijyb (D:3)
  Terence (D:3)
  Natasha (D:2)
  10 gnolls (D:4)
  4 adders
  A shadow imp (D:5)
  An ufetubus (D:4)
  A worm (D:4)
  4 dart slugs
  3 orcs
  12 bats
  10 endoplasms
  7 giant cockroaches
  17 goblins
  9 hobgoblins
  5 jackals
  5 kobolds
  3 quokkas
  6 ball pythons
  A quokka skeleton (D:4)
  A rat (D:3)
118 creatures vanquished.

Vanquished Creatures (collateral kills)
  Robin (D:3)
  3 gnolls (D:4)
  A hobgoblin (D:3)
5 creatures vanquished.

Vanquished Creatures (others)
  A dancing weapon (D:2)
1 creature vanquished.

Grand Total: 124 creatures vanquished

Notes
Turn   | Place    | Note
-------+----------+-------------------------------------------
     0 | D:1      | PentaManta the Vampire Enchanter began the quest for the
                  | Orb.
     0 | D:1      | Reached XP level 1. HP: 13/13 MP: 3/3
   101 | D:1      | Reached XP level 2. HP: 8/19 MP: 5/5
   164 | D:1      | Reached skill level 5 in Stealth
   331 | D:1      | Learned a level 2 spell: Ensorcelled Hibernation
   361 | D:1      | Found a faded altar of an unknown god.
  1088 | D:2      | Gained mutation: You are afflicted with vampirism and can
                  | become a bat while bloodless. [Vampire growth]
  1088 | D:2      | Reached XP level 3. HP: 23/24 MP: 2/6
  1146 | D:2      | Reached skill level 5 in Hexes
  1350 | D:2      | Learned a level 3 spell: Tukima's Dance
  1408 | D:2      | Reached XP level 4. HP: 4/30 MP: 7/7
  1671 | D:2      | Noticed Terence
  1676 | D:2      | Noticed Natasha
  1712 | D:3      | Killed Terence
  1754 | D:2      | Killed Natasha
  1982 | D:3      | Reached XP level 5. HP: 35/35 MP: 9/9
  2056 | D:3      | Noticed Robin
  2074 | D:3      | Killed Robin
  2312 | D:3      | Noticed Ijyb
  2317 | D:3      | Killed Ijyb
  2395 | D:3      | Learned a level 3 spell: Confusing Touch
  3194 | D:4      | Reached XP level 6. HP: 25/41 MP: 1/10
  3797 | D:4      | You fall into a shaft and drop 1 floor!
  3797 | D:5      | Entered Level 5 of the Dungeon
  4107 | D:5      | Found Hofu's Assorted Antiques.
  4144 | D:5      | Reached XP level 7. HP: 8/46 MP: 12/12
  4604 | D:5      | Found Ixzuh's Distillery.
  4689 | D:5      | Reached skill level 5 in Short Blades
  4835 | D:5      | Found a runed translucent door.
  4837 | D:5      | Found a runed translucent door.
  4864 | D:5      | Reached XP level 8. HP: 22/52 MP: 14/14
  4887 | D:5      | HP: 2/78 [poisoned by a scorpion]
  4893 | D:5      | Succumbed to a scorpion's poison

Illustrated notes

Levels and vault maps discovered:
D:1:      dpeg_arrival_fog, layout_basic, ebering_ecumenical_altar_abandoned,
          minmay_misc_feat_iff, minivault_5
D:2:      layout_rooms, uniq_terence, uniq_natasha
D:3:      layout_loops_ring, uniq_ijyb, uniq_robin
D:4:      layout_loops_ring, chequers_decorated_corner
D:5:      lemuel_insect_pit, layout_cave_pools,
          minmay_temple_entry_stoned_glass, serial_shops, shop,
          nicolae_shop_waterfront, nicolae_shop_stone, grunt_ministairs_5,
          uniq_edmund

Skill      XL: |  1  2  3  4  5  6  7 |
---------------+----------------------+-----
Stealth        | 5 6 7 |  7.5
Hexes          | 5 6 7 |  7.1
Spellcasting   | 3 4 |  4.8
Short Blades   | 2 4 6 |  6.7
Dodging        | |  2.1

Action                   |  1- 3 |  4- 6 |  7- 9 || total
-------------------------+-------+-------+-------++-------
Melee: Dagger            |   129 |   221 |    69 ||   419
       Bite              |     9 |    18 |     9 ||    36
Throw: Dart              |       |     4 |       ||     4
 Cast: Corona            |     4 |     1 |       ||     5
       Ensorcelled Hiber |     1 |     9 |     2 ||    12
       Tukima's Dance    |       |     5 |       ||     5
  Use: Potion            |       |     2 |     9 ||    11
       Scroll            |       |     2 |     5 ||     7
 Stab: Sleeping          |     6 |    21 |     2 ||    29
Armor: Robe              |    23 |    25 |     8 ||    56
Dodge: Dodged            |    87 |   148 |    64 ||   299

Table legend: (Time is in decaauts)
 A = Elapsed time spent in this place.
 B = Non-inter-level travel time spent in this place.
 C = Inter-level travel time spent in this place.
 D = Time resting spent in this place.
 E = Time spent auto-exploring this place.
 F = Levels seen in this place.
 G = Mean time per level.
                   A        B        C        D        E       F      G
               +--------+--------+--------+--------+--------+-----+--------+
         Total |   4837 |   4615 |    222 |    728 |   2665 |   5 |  967.4 |
       Dungeon |   4837 |   4615 |    222 |    728 |   2665 |   5 |  967.4 |
               +--------+--------+--------+--------+--------+-----+--------+

Top non-repeatable levels by time:
     D:4: 1161 daAuts
     D:1: 1138 daAuts
     D:3: 1031 daAuts
     D:5: 768 daAuts
     D:2: 736 daAuts
